cohdb
Replays
Latest Replays
All Replays
Popular Replays
Top Player Replays
Match Explorer
How It Works
Community
CoH3 Stats
Reddit
Sign in to upload your games and track your stats! →
Sign in with Steam
Match 47359714
Unlisted
Match 47359714
Overview
Messages
Build Orders
End
Engineer Squad
Construct Barracks
Riflemen Squad
Riflemen Squad
M1 Mortar Team
Grenade Package
Infantry Support Center
Riflemen Squad
Construct Medical Station
Construct Medical Station
Advanced Logistics
Selects Advanced Infantry Battlegroup
Selects Convert to Ranger Squad
Selects Designate Assault Position
Convert to Ranger Squad
Riflemen Squad
Construct Motor Pool
Convert to Ranger Squad
Demolitions Package
BamboneWertherone ITA
C. Troy
Rolling9Deep
crywo1f
0
0
Comments
sign in to comment!
No comments posted yet!